 Dungeon Crawl Stone Soup version 0.18.1-5-g4a78601 (webtiles) character file.

4151 LORDOFBUTT the Nimble (level 10, -2/118 HPs)
             Began as a Demonspawn Berserker on May 10, 2016.
             Was a High Priest of Trog.
             Slain by a large abomination (36 damage)
             ... on level 2 of the Abyss.
             The game lasted 00:12:43 (6587 turns).

LORDOFBUTT the Nimble (Demonspawn Berserker)        Turns: 6587, Time: 00:12:44

Health: -2/118     AC:  6    Str: 23    XL:     10   Next: 7%
Magic:  10/10      EV: 21    Int: 11    God:    Trog [*****.]
Gold:   391        SH:  0    Dex: 15    Spells: 0 memorised, 9 levels left

rFire  . . .     SeeInvis .       - Unarmed
rCold  . . .     Gourm    .     G - +0 leather armour
rNeg   . . .     Faith    .     (no shield)
rPois  +         Spirit   .     H - +0 hat
rElec  .         Dismiss  .     r - +2 cloak
rCorr  .         Reflect  .     (no gloves)
SustAt .         Harm     .     (no boots)
MR     .....                    (no amulet)
Stlth  ..........               x - +2 ring of intelligence
                                I - ring of poison resistance

@: berserking (expiring), repel missiles, very quick, not resistant to hostile
enchantments, extremely unstealthy
A: antennae 1, repulsion field 3, sense surroundings 2, powered by death 2,
screaming 1
a: Berserk, Trog's Hand, Brothers in Arms, Burn Spellbooks, Renounce Religion


You were on level 2 of the Abyss.
You worshipped Trog.
Trog was extremely pleased with you.
You were not hungry.

You visited 1 branch of the dungeon, and saw 8 of its levels.
You visited the Abyss 1 time.
You also visited: Ossuary.

You collected 391 gold pieces.

Inventory:

Armour
 r - a +2 cloak (worn)
 G - a +0 leather armour (worn)
 H - a +0 hat (worn)
 M - a +0 pair of boots
Jewellery
 u - an uncursed ring of protection from fire
 x - a +2 ring of intelligence (right hand)
 I - a ring of poison resistance (left hand)
 O - an uncursed ring of resist corrosion
Wands
 w - a wand of acid (3/15)
 z - a wand of lightning (8/15)
 D - a wand of acid (6/15)
 L - a wand of flame (15/48)
Scrolls
 c - 7 scrolls of teleportation
 e - 3 scrolls of fear {unknown}
 h - 9 scrolls of remove curse
 j - 4 scrolls of magic mapping
 k - a scroll of immolation {unknown}
 l - a scroll of blinking {unknown}
 m - 2 scrolls of enchant armour {unknown}
 q - a scroll of fog {unknown}
 y - 2 scrolls of noise {unknown}
 C - 2 scrolls of amnesia {unknown}
 J - a scroll of random uselessness {unknown}
Potions
 d - a potion of berserk rage
 f - 9 potions of curing
 i - 6 potions of brilliance
 n - 5 potions of mutation
 o - 5 potions of agility
 p - a potion of lignification
 s - a potion of magic
 v - 2 potions of heal wounds
 A - a potion of flight
 B - a potion of resistance
Books
 a - a book of Debilitation

   Spells                             Type                      Level
   a - Corona                         Hexes                        1
   b - Slow                           Hexes                        2
   c - Gell's Gravitas                Hexes/Translocation          3
   d - Inner Flame                    Hexes/Fire                   3
   e - Cause Fear                     Hexes                        4
   f - Leda's Liquefaction            Hexes/Earth                  4
   Trog disapproves of the use of such an item.
 t - a book of Cantrips

   Spells                             Type                      Level
   a - Corona                         Hexes                        1
   b - Animate Skeleton               Necromancy                   1
   c - Summon Small Mammal            Summoning                    1
   d - Apportation                    Translocation                1
   Trog disapproves of the use of such an item.
 E - a book of Power

   Spells                             Type                      Level
   a - Fulminant Prism                Conjuration/Hexes            4
   b - Iskenderun's Mystic Blast      Conjuration                  4
   c - Venom Bolt                     Conjuration/Poison           5
   d - Bolt of Magma                  Conjuration/Fire/Earth       5
   e - Iron Shot                      Conjuration/Earth            6
   f - Orb of Destruction             Conjuration                  7
   g - Spellforged Servitor           Conjuration/Summoning        7
   Trog disapproves of the use of such an item.
 F - a book of Necromancy

   Spells                             Type                      Level
   a - Pain                           Necromancy                   1
   b - Animate Skeleton               Necromancy                   1
   c - Vampiric Draining              Necromancy                   3
   d - Regeneration                   Charms/Necromancy            3
   e - Animate Dead                   Necromancy                   4
   f - Control Undead                 Necromancy                   4
   Trog disapproves of the use of such an item.
Comestibles
 b - 4 bread rations
 g - 3 meat rations
 K - 22 fruits


   Skills:
 + Level 7.5 Fighting
 + Level 2.9 Armour
 + Level 9.0 Dodging
 + Level 2.9 Stealth
 + Level 7.5 Unarmed Combat


You had 9 spell levels left.
You didn't know any spells.

Dungeon Overview and Level Annotations

Branches:
Dungeon (8/15)             Temple (0/1) D:5
   Lair: D:8-11

Altars:
Ashenzari
Elyvilon
Makhleb
Okawaru
Ru
Trog
Vehumet
The Shining One

Annotations:
D:8 Psyche


Innate Abilities, Weirdness & Mutations

You are surrounded by a strong repulsion field (EV +4, rMsl).
You regenerate health from kills.
You have a pair of small antennae on your head.
You passively map the area around you.
You occasionally shout uncontrollably at your foes.


Message History

A starcursed mass splits.
You punch the large abomination!
The large abomination is heavily damaged.
The raiju barely misses you. The raiju misses you.
You hit the large abomination.
The large abomination is severely damaged.
A starcursed mass splits. x2
A cacophony of accursed wailing tears at your sanity!
A starcursed mass splits.
The large abomination hits you! The raiju misses you.
You hit the large abomination but do no damage.
The large abomination is severely damaged.
The raiju completely misses you.
You barely miss the large abomination.
You punch the large abomination, but do no damage.
The large abomination is severely damaged.
A starcursed mass splits.
A cacophony of accursed wailing tears at your sanity!
* * * LOW HITPOINT WARNING * * *
The large abomination hits you!!!
You die...

.. . #.... .#.
.#..# ....# . #. ##
.#..#$# . # #.##
#..#.. #..
##...###...## ...#
.#.....#.....#.....
. ..
.......(.hX..... §
......h.h@XXX..X. .
.......XX.XX.X.
.....#....X#X.... #
.. ##...## ...#
#..§. .....# ...
§§§ . ......... ..
§. §. .......... .
. §. .......... 3.
.#.....#..


You could see 11 starcursed masses, a large abomination and 3 raiju.

Vanquished Creatures
  Erica (D:8)
  2 raiju (Abyss:2)
  A slime creature (D:7)
  Sigmund (D:5)
  A wyvern (D:8)
  A wraith (Ossuary)
  A hungry ghost (D:7)
  2 sky beasts (D:8)
  A black bear (D:6)
  A phantom (D:6)
  A necrophage (D:5)
  An ogre (D:4)
  3 centaurs
  An elf zombie (Ossuary)
  A big kobold (D:8)
  3 small abominations (Abyss:2)
  2 crimson imps
  2 howler monkeys
  A wasp zombie (D:6)
  3 hounds
  8 jellies
  5 orc wizards
  Crazy Yiuf (D:3)
  Ijyb (D:2)
  An iguana (D:6)
  4 worker ants
  3 mummies (Ossuary)
  Robin (D:3)
  A worker ant zombie (D:5)
  6 adders
  3 shadow imps
  15 oozes
  An adder zombie (D:7)
  5 worms
  A dart slug (D:2)
  3 giant geckos
  15 orcs
  A ball python (D:3)
  6 giant cockroaches
  13 goblins
  6 hobgoblins
  12 jackals
  11 kobolds
  2 quokkas
  6 bats
  3 giant newts
  6 goblin zombies
  3 hobgoblin zombies (Ossuary)
  3 kobold zombies (Ossuary)
  A quokka zombie (D:5)
  7 rats
184 creatures vanquished.

Vanquished Creatures (others)
  A small abomination (Abyss:2)
  4 fungi (D:7)
5 creatures vanquished.

Grand Total: 189 creatures vanquished

Notes
Turn   | Place    | Note
--------------------------------------------------------------
     0 | D:1      | LORDOFBUTT the Demonspawn Berserker began the quest for the Orb.
     0 | D:1      | Reached XP level 1. HP: 18/18 MP: 1/1
   213 | D:1      | Gained mutation: You are surrounded by a mild repulsion field (EV +2). [demonic ancestry]
   213 | D:1      | Reached XP level 2. HP: 24/24 MP: 2/2
   394 | D:1      | Reached skill level 2 in Dodging
   651 | D:2      | Noticed Ijyb
   663 | D:2      | Killed Ijyb
   663 | D:2      | Reached XP level 3. HP: 30/30 MP: 3/3
   676 | D:2      | Found a sacrificial altar of Ru.
   689 | D:2      | Reached ** piety under Trog
   951 | D:2      | Gained mutation: You regenerate a little health from kills. [demonic ancestry]
   951 | D:2      | Reached XP level 4. HP: 34/37 MP: 4/4
  1185 | D:2      | Found a burning altar of Makhleb.
  1300 | D:3      | Noticed Crazy Yiuf
  1310 | D:3      | Killed Crazy Yiuf
  1310 | D:3      | Reached skill level 3 in Dodging
  1634 | D:3      | Noticed Robin
  1644 | D:3      | Killed Robin
  1788 | D:3      | Gained mutation: You are surrounded by a moderate repulsion field (EV +3). [demonic ancestry]
  1788 | D:3      | Reached XP level 5. HP: 42/42 MP: 5/5
  1801 | D:3      | Found a shattered altar of Ashenzari.
  1846 | D:3      | Reached *** piety under Trog
  2323 | D:4      | Noticed an ogre
  2349 | D:4      | Killed an ogre
  2529 | D:4      | Reached XP level 6. HP: 36/49 MP: 6/6
  2698 | D:5      | Entered Level 5 of the Dungeon
  2698 | D:5      | Noticed Sigmund
  2708 | D:5      | Killed Sigmund
  2708 | D:5      | Reached skill level 4 in Dodging
  2783 | D:5      | Gained mutation: You are surrounded by a strong repulsion field (EV +4, rMsl). [demonic ancestry]
  2783 | D:5      | Reached XP level 7. HP: 51/55 MP: 7/7
  2833 | D:5      | Found a staircase to the Ecumenical Temple.
  2871 | D:5      | Reached skill level 1 in Stealth
  2889 | D:5      | Reached skill level 5 in Dodging
  2907 | D:5      | Found a sand-covered staircase.
  2989 | D:5      | Reached skill level 5 in Fighting
  3105 | D:5      | Found a radiant altar of Vehumet.
  3267 | Ossuary  | Entered an ossuary
  3267 | Ossuary  | Noticed a wraith
  3267 | Ossuary  | Noticed a wraith
  3267 | Ossuary  | Noticed a wraith
  3346 | Ossuary  | Reached skill level 5 in Unarmed Combat
  3398 | Ossuary  | Noticed a wraith
  3417 | Ossuary  | Killed a wraith
  3417 | Ossuary  | Reached skill level 6 in Dodging
  3417 | Ossuary  | Reached XP level 8. HP: 54/62 MP: 8/8
  3887 | D:6      | Found a radiant altar of Vehumet.
  4547 | D:6      | Reached **** piety under Trog
  4553 | D:6      | Found an iron altar of Okawaru.
  4906 | D:7      | Noticed a slime creature
  4911 | D:7      | Reached skill level 7 in Dodging
  4951 | D:7      | Killed a slime creature
  4972 | D:7      | Reached XP level 9. HP: 48/69 MP: 9/9
  5222 | D:7      | Found a white marble altar of Elyvilon.
  5222 | D:7      | Found a bloodstained altar of Trog.
  5232 | D:7      | Found a glowing golden altar of the Shining One.
  5234 | D:7      | Reached ***** piety under Trog
  5361 | D:7      | Reached skill level 8 in Dodging
  5873 | D:8      | Gained mutation: Your mind is acute. (Int +2) [mutagenic meat]
  5874 | D:8      | Gained mutation: You passively map a small area around you. [mutagenic meat]
  6124 | D:8      | Noticed Erica
  6140 | D:8      | Killed Erica
  6205 | D:8      | Gained mutation: You have a pair of small antennae on your head. [mutagenic meat]
  6206 | D:8      | Gained mutation: You passively map the area around you. [mutagenic meat]
  6207 | D:8      | Gained mutation: You occasionally shout uncontrollably at your foes. [mutagenic meat]
  6306 | D:8      | Received a gift from Trog
  6330 | D:8      | Noticed Psyche
  6336 | D:8      | Cast into level 2 of the Abyss (Psyche)
  6371 | Abyss:2  | Lost mutation: Your mind is acute. (Int +2) [mutagenic meat]
  6570 | Abyss:2  | Noticed a smoke demon
  6571 | Abyss:2  | Noticed a large abomination
  6573 | Abyss:2  | Noticed a starcursed mass
  6578 | Abyss:2  | Gained mutation: You regenerate health from kills. [demonic ancestry]
  6578 | Abyss:2  | Reached XP level 10. HP: 77/79 MP: 10/10
  6581 | Abyss:2  | Reached skill level 9 in Dodging
  6582 | Abyss:2  | Noticed a starcursed mass
  6587 | Abyss:2  | Slain by a large abomination

Skill      XL: |  1  2  3  4  5  6  7  8  9 10 |
---------------+-------------------------------+-----
Dodging        | 2 3 4 6 7 8 9 |  9.0
Unarmed Combat | 3 4 5 7 |  7.5
Fighting       | 4 5 6 7 |  7.5
Stealth        | 1 2 |  2.9
Armour         | 2 |  2.9

Action                   |  1- 3 |  4- 6 |  7- 9 | 10-12 || total
-------------------------+-------+-------+-------+-------++-------
Melee: Unarmed           |   144 |   194 |   590 |     9 ||   937
       Punch             |     2 |     1 |    28 |     2 ||    33
Invok: Berserk           |     2 |     7 |     8 |       ||    17
  Use: Scroll            |       |     7 |     8 |       ||    15
       Potion            |       |     1 |     6 |       ||     7
 Stab: Sleeping          |       |       |     3 |       ||     3
  Eat: Beef jerky        |     2 |       |     2 |       ||     4
       Meat ration       |     1 |     1 |     3 |       ||     5
       Chunk             |       |     2 |     8 |       ||    10
       Bread ration      |       |       |     1 |       ||     1
       Fruit             |       |       |     2 |       ||     2
Armor: Animal skin       |    32 |    22 |    45 |       ||    99
       Leather armour    |       |       |    49 |     1 ||    50
Dodge: Dodged            |   146 |   179 |   536 |     8 ||   869
       Deflected         |       |       |     3 |       ||     3
